 Dungeon Sprint DCSS version 0.28-a0-479-g5baa6b73be (webtiles) character file.

Game seed: 3472054059245720596

193 MikeHunt the Martial Artist (level 5, -12/42 HPs)
             Began as a Demonspawn Chaos Knight on Sept 17, 2021.
             Was a Plaything of Xom.
             Mangled by a sun demon (18 damage)
             ... summoned by a kobold demonologist
             ... in the Dungeon (Sprint III: "The Ten Rune Challenge").
             The game lasted 00:01:10 (636 turns).

MikeHunt the Martial Artist (DsCK)                   Turns: 636, Time: 00:01:10

Health: -12/42     AC:  5    Str: 12    XL:     5   Next: 44%
Magic:  5/5        EV: 12    Int: 13    God:    Xom [...*..]
Gold:   29         SH:  0    Dex: 14    Spells: 4/4 levels left

rFire   . . .      SeeInvis .     - Unarmed
rCold   . . .      Faith    .   (no shield)
rNeg    . . .      Spirit   .   a - +2 leather armour
rPois   .          Reflect  .   (no helmet)
rElec   .          Harm     .   (no cloak)
rCorr   .          Rampage  .   (no gloves)
Will    .....      NoTele   +   (no boots)
Stlth   +.........              (no amulet)
HPRegen 0.14/turn               (no ring)
MPRegen 0.09/turn               (no ring)

@: no status effects
A: talons 2, powered by death 1
a: Renounce Religion


You were in the Dungeon.
You worshipped Xom.
You were a favourite toy of Xom.
You visited 1 branch You collected 29 gold pieces.

Inventory:

Armour
 a - a +2 leather armour (worn)
Scrolls
 f - a scroll of immolation {unknown}
 g - a scroll of blinking
 h - a scroll of identify
 k - a scroll of holy word {unknown}
 l - a scroll of amnesia {unknown}
Potions
 b - 2 potions of curing
 c - 2 potions of heal wounds
 d - a potion of haste
 e - 2 potions of magic
 i - a potion of flight
 j - 4 potions of mutation


   Skills:
 + Level 4.2 Fighting
 - Level 1.7 Armour
 + Level 2.7 Dodging
 + Level 10.0 Unarmed Combat


You had 4 spell levels left.
You didn't know any spells.
Your spell library was empty.

Dungeon Overview and Level Annotations

Branches:
Dungeon (1/1)

Altars:
Kikubaaqudgha
Sif Muna
Vehumet


Innate Abilities, Weirdness & Mutations

You have razor-sharp toenails.
You regenerate a little health from kills.


Message History

Your leather armour prevents you from hitting the jelly.
The jelly hits you but does no damage.
You punch the jelly!
Your hands burn!
The jelly is severely wounded.
You punch the jelly!
You kill the jelly!
Your Dodging skill gained 2 levels and is now at level 2!
No target in view!
No target in view!
As you close the door, it creaks loudly!
There is a fountain of clear blue water here.
You open the door.
Found a radiant altar of Vehumet.
A kobold demonologist and a wizard come into view.
Found a book of the Earth and 15 gold pieces.
Found two altars.
The wizard shouts!
The kobold demonologist shouts!
The wizard gestures wildly while chanting.
The wizard flickers and vanishes!
Deactivating autopickup; reactivate with Ctrl-A.
There is an open door here.
You punch something! Your kick misses something.
The kobold demonologist gestures wildly while chanting.
Something hits you.
You punch something!
Reactivating autopickup.
You feel a bit more experienced.
Your Fighting skill increases to level 4!
Your Unarmed Combat skill increases to level 10!
You closely miss the sun demon.
The kobold demonologist hits you with a +0 dagger.
The sun demon hits you.
You are engulfed in flames!
You punch the kobold demonologist!
The kobold demonologist is severely wounded.
The kobold demonologist misses you. The sun demon hits you!!
* * * LOW HITPOINT WARNING * * *
Xom is highly amused!
You are engulfed in flames!!
You die...
Xom titters!

#..#....♣.♣ ♣.# ####....♣.♣
♣♣.#
†..#....≈.♣♣♣..###+#+###+##
...#...≈≈♣.♣♣..#..........#
...#..≈≈≈≈.♣...'.⌠........#
##†#..≈≈≈≈≈≈...#...######+#
...#.≈≈≈≈≈≈....#.⌠.# ..#
...#.≈≈≈≈≈.....#...# ...#
...#.≈≈≈.......#@### #.J.#
####...........#K3$# #...+
...............#___# +...#
▓▓▓▓▓▓▓▓▓▓▓▓▓▓▓▓▓▓▓▓ ▓▓▓▓▓


You could see a sun demon (summoned) and a kobold demonologist.

Vanquished Creatures
  A scorpion (D)
  A jelly (D)
  A wizard (D)
  A human (D)
  An endoplasm (D)
  3 rats (D)
8 creatures vanquished.

Vanquished Creatures (collateral kills)
  A water elemental (D)
1 creature vanquished.

Vanquished Creatures (others)
  3 plants (D)
3 creatures vanquished.

Grand Total: 12 creatures vanquished

Notes
Turn   | Place    | Note
-------+----------+-------------------------------------------
     0 | D        | MikeHunt the Demonspawn Chaos Knight began the quest for
                  | the Orb.
     0 | D        | Reached XP level 1. HP: 18/18 MP: 1/1
     8 | D        | Reached skill level 3 in Unarmed Combat
   155 | D        | XOM: silly message
   260 | D        | Noticed a scorpion
   260 | D        | XOM: confuse monster(s)
   269 | D        | Killed a scorpion
   270 | D        | Reached skill level 7 in Unarmed Combat
   270 | D        | Gained mutation: You regenerate a little health from kills.
                  | [demonic ancestry]
   270 | D        | Reached XP level 2. HP: 12/24 MP: 2/2
   270 | D        | Gained mutation: You have sharp toenails. [demonic
                  | ancestry]
   270 | D        | Reached XP level 3. HP: 15/29 MP: 3/3
   275 | D        | Reached skill level 8 in Unarmed Combat
   275 | D        | Gained mutation: You have razor-sharp toenails. [demonic
                  | ancestry]
   275 | D        | Reached XP level 4. HP: 19/35 MP: 4/4
   477 | D        | Noticed a water elemental
   478 | D        | XOM: summons 4 friendly demons
   484 | D        | Killed a water elemental
   485 | D        | Reached skill level 9 in Unarmed Combat
   485 | D        | Reached XP level 5. HP: 24/41 MP: 5/5
   631 | D        | Found a radiant altar of Vehumet.
   632 | D        | Found a shimmering blue altar of Sif Muna.
   632 | D        | Found an ancient bone altar of Kikubaaqudgha.
   634 | D        | Noticed a sun demon
   635 | D        | Reached skill level 10 in Unarmed Combat
   636 | D        | Mangled by a sun demon

Illustrated notes

Levels and vault maps discovered:
D:        dungeon_sprint_mu [sprint_mu_entry_forest, sprint_mu_temple_rooms,
          sprint_mu_d1_horrors, sprint_mu_d2_genie, sprint_mu_d3_branching,
          sprint_mu_orc_legion, sprint_mu_elf_gauntlet, sprint_mu_hive_nellie,
          sprint_mu_lair_fedhas, sprint_mu_vaults_butterflies,
          sprint_mu_slime_circle, sprint_mu_swamp_cave, sprint_mu_shoals_archi,
          sprint_mu_blade_basic, sprint_mu_crypt_fortress,
          sprint_mu_tomb_spiral, sprint_mu_vestibule_basic,
          sprint_mu_gehenna_hellfire, sprint_mu_dis_giant,
          sprint_mu_tartarus_statrot, sprint_mu_cocytus_islands, sprint_mu_zot1]

Skill      XL: |  1  2  3  4  5 |
---------------+----------------+-----
Unarmed Combat | 7 8 9 10 | 10.0
Dodging        | 2 |  2.7
Fighting       | 4 |  4.2
Armour         | |  1.7

Action                   |  1- 3 |  4- 6 || total
-------------------------+-------+-------++-------
Melee: Unarmed           |    20 |     8 ||    28
       Kick              |     1 |       ||     1
  Use: Potion            |     1 |       ||     1
       Scroll            |       |     1 ||     1
Armor: Leather armour    |     5 |     1 ||     6
Dodge: Dodged            |     1 |     2 ||     3

Table legend: (Time is in decaauts)
 A = Elapsed time spent in this place.
 B = Non-inter-level travel time spent in this place.
 C = Inter-level travel time spent in this place.
 D = Time resting spent in this place.
 E = Time spent auto-exploring this place.
 F = Levels seen in this place.
 G = Mean time per level.
                   A        B        C        D        E       F      G
               +--------+--------+--------+--------+--------+-----+--------+
         Total |    641 |    641 |      0 |    512 |      0 |   1 |  641.0 |
       Dungeon |    641 |    641 |      0 |    512 |      0 |   1 |  641.0 |
               +--------+--------+--------+--------+--------+-----+--------+

Top non-repeatable levels by time:
       D: 641 daAuts
